 Dungeon Crawl Stone Soup version 0.29.1-4-g47bece8355 (webtiles) character file.

Game seed: 6443967662657776562

16321 MacCMillion the Grappler (level 12, -3/126 HPs)
             Began as a Troll Fighter on Dec 4, 2022.
             Was an Elder of Wu Jian.
             Slain by a ten-headed hydra (11 damage)
             ... on level 9 of the Dungeon.
             The game lasted 00:35:13 (11920 turns).

MacCMillion the Grappler (Troll Fighter)           Turns: 11920, Time: 00:35:15

Health: -3/126     AC:  7    Str: 35    XL:     12   Next: 9%
Magic:  11/11      EV:  9    Int:  6    God:    Wu Jian [****..]
Gold:   814        SH: 10    Dex:  9    Spells: 11/11 levels left

rFire   + . .      SeeInvis .     - Unarmed
rCold   + + .      Faith    .   b - +0 kite shield
rNeg    . . .      Spirit   .   w - +0 troll leather armour
rPois   .          Reflect  .   r - +1 hat
rElec   .          Harm     .   o - scarf {rC+ rF+}
rCorr   .          Rampage  .   (gloves unavailable)
Will    .....                   (boots unavailable)
Stlth   +.........              X - amulet of regeneration
HPRegen 2.71/turn               y - +6 ring of strength
MPRegen 0.12/turn               D - ring of protection from cold

@: exhausted, about to teleport
A: large, unfitting armour, claws 3, regeneration 1, shaggy fur 1, tough skin 1
a: Renounce Religion, Wall Jump, Serpent's Lash


You were on level 9 of the Dungeon.
You worshipped Wu Jian.
Wu Jian was greatly pleased with you.
You visited 3 branches of the dungeon, and saw 12 of its levels.
You also visited: Ossuary.

You collected 814 gold pieces.

Inventory:

Missiles
 g - 12 poisoned darts (quivered)
 j - 6 curare-tipped darts
 k - 10 boomerangs
 E - 4 atropa-tipped darts
 P - 11 large rocks
 Q - 3 silver boomerangs
 S - a throwing net
Armour
 b - a +0 kite shield (worn)
 o - a scarf of resistance (worn)
 r - a +1 hat (worn)
 w - a +0 troll leather armour (worn)
Jewellery
 d - an amulet of the acrobat
 y - a +6 ring of strength (left claw)
 D - a ring of protection from cold (right claw)
 F - a ring of positive energy
 H - a +4 ring of evasion
 I - a ring of fire
 T - a +4 ring of protection
 X - an amulet of regeneration (around neck)
 Z - a +6 ring of strength
Wands
 f - a wand of flame (22)
 q - a wand of iceblast (3)
 t - a wand of quicksilver (18)
 u - a wand of paralysis (4)
 G - a wand of mindburst (4)
Scrolls
 e - 5 scrolls of teleportation
 h - 3 scrolls of immolation
 i - 4 scrolls of butterflies
 m - 2 scrolls of silence
 v - a scroll of magic mapping
 x - a scroll of brand weapon
 z - a scroll of torment
 A - a scroll of amnesia
 K - a scroll of fear
 L - 2 scrolls of enchant armour
 M - a scroll of vulnerability
 N - 2 scrolls of enchant weapon
 R - a scroll of summoning {unknown}
 V - a scroll of poison {unknown}
Potions
 c - 2 potions of might
 l - 5 potions of attraction
 n - a potion of lignification
 p - 3 potions of curing
 s - 2 potions of resistance
 B - 3 potions of cancellation
 J - 2 potions of flight
 O - 2 potions of ambrosia
 U - a potion of magic {unknown}
 W - a potion of invisibility {unknown}
 Y - 2 potions of mutation {unknown}


   Skills:
 + Level 9.9 Fighting
 + Level 3.6 Throwing
 - Level 2.4 Dodging
 + Level 10.8 Shields
 + Level 11.4 Unarmed Combat


You had 11 spell levels left.
You didn't know any spells.
Your spell library contained the following spells:

 Spells                   Type           Power      Damage    Failure   Level
 Magic Dart               Conj           0%         1d3       69%         1
 Slow                     Hex            0%         N/A       69%         1
 Sting                    Tmut/Pois      0%         1d3       69%         1
 Ensorcelled Hibernation  Hex/Ice        0%         N/A       83%         2
 Poisonous Vapours        Pois/Air       0%         N/A       83%         2
 Searing Ray              Conj           0%         2d4       83%         2
 Confusing Touch          Hex            0%         N/A       96%         3
 Dazzling Flash           Conj/Hex       0%         N/A       96%         3
 Portal Projectile        Hex/Tloc       0%         N/A       96%         3
 Spider Form              Tmut/Pois      0%         N/A       96%         3
 Anguish                  Hex/Necr       0%         N/A       100%        4
 Animate Dead             Necr           0%         N/A       100%        4
 Fulminant Prism          Conj/Hex       0%         3d6       100%        4
 Iskenderun's Mystic Bla  Conj/Tloc      0%         2d3       100%        4
 Olgreb's Toxic Radiance  Pois           0%         N/A       100%        4
 Borgnjor's Vile Clutch   Necr/Erth      0%         N/A       100%        5
 Death Channel            Necr           0%         N/A       100%        6
 Starburst                Conj/Fire      0%         6d3       100%        6
 Enfeeble                 Hex            0%         N/A       100%        7
 Storm Form               Tmut/Air       0%         N/A       100%        7
 Chain Lightning          Conj/Air       0%         N/A       100%        9
 Fire Storm               Conj/Fire      0%         5d1       100%        9
 Shatter                  Erth           0%         3d5*      100%        9


Dungeon Overview and Level Annotations

Branches:
Dungeon (10/15)            Temple (1/1) D:5            Lair (1/5) D:9
    Orc (0/2) D:10        Ossuary (visited)

Altars:
Ashenzari
Cheibriados
Dithmenos
Elyvilon
Fedhas
Gozag
Hepliaklqana
Kikubaaqudgha
Makhleb
Nemelex Xobeh
Okawaru
Qazlal
Ru
Sif Muna
Trog
Uskayaw
Vehumet
Wu Jian
Xom
Yredelemnul
Zin
The Shining One

Shops:
D:5 *   D:8 !

Annotations:
D:7 Joseph
D:10 Harold


Innate Abilities, Weirdness & Mutations

You are too large for most types of armour.
You have claws for hands.
Your natural rate of healing is unusually fast.
You are covered in fur. (AC +1)
You have tough skin. (AC +1)


Message History

The seven-headed hydra grows two more!
You mangle the nine-headed hydra!!
The nine-headed hydra is severely wounded.
The nine-headed hydra barely misses you. x2
The nine-headed hydra bites you.
You block the nine-headed hydra's attack.
The nine-headed hydra closely misses you.
The nine-headed hydra bites you. x3; The nine-headed hydra bites you!
You rip one of the nine-headed hydra's heads off!
The eight-headed hydra grows two more!
You scratch the ten-headed hydra.
The ten-headed hydra is heavily wounded.
You block the ten-headed hydra's attack. x2
The ten-headed hydra bites you!
You block the ten-headed hydra's attack.
The ten-headed hydra bites you but does no damage.
The ten-headed hydra bites you!
The ten-headed hydra bites you but does no damage.
The ten-headed hydra bites you!
The ten-headed hydra bites you but does no damage.
The ten-headed hydra barely misses you.
As you read the scroll of teleportation, it crumbles to dust.
You feel strangely unstable.
The ten-headed hydra bites you but does no damage.
The ten-headed hydra bites you. The ten-headed hydra bites you!
* * * LOW HITPOINT WARNING * * *
The ten-headed hydra barely misses you. The ten-headed hydra bites you!
* * * LOW HITPOINT WARNING * * *
You block the ten-headed hydra's attack.
The ten-headed hydra bites you.
* * * LOW HITPOINT WARNING * * *
You block the ten-headed hydra's attack.
The ten-headed hydra bites you but does no damage.
You block the ten-headed hydra's attack.
Okay, then.
The ten-headed hydra attacks as you move away!
The ten-headed hydra bites you!
* * * LOW HITPOINT WARNING * * *
You block the ten-headed hydra's attack.
The ten-headed hydra bites you but does no damage.
The ten-headed hydra bites you!
You die...

#.#.#########.###
#...............#
#####.#######.#.# #.# #.#.#
##### #.# #.#.# #.... #.#
#.#.# #.### #.# #.#.##### #.#
#.# #.#....[# #D#
#.#######..D@##.# #.#
#...D..####(.##.#########.###
###.###.####..##.........)....
#...# #.D.....############<##.
#D#.###.####..# #.##.
#.#.....# #...# #)[.[
#.###.### #.#.# #######.).[
#D# #.# #...######.......#.#
#.# #.#######......>...###...#


You could see a ten-headed hydra.

Vanquished Creatures
  Gastronok (D:9)
  A hydra (D:9)
  A two-headed ogre (D:10)
  Pikel (D:5)
  A deep elf pyromancer (D:9)
  An ugly thing (D:9)
  A cyclops (D:9)
  A torpor snail (shapeshifter) (D:9)
  Maggie (D:7)
  An efreet (D:9)
  A tengu conjurer (D:9)
  A freezing wraith (D:9)
  2 komodo dragons
  2 trolls
  A polar bear (D:9)
  A hornet (D:7)
  A slime creature (D:9)
  4 blink frogs (D:9)
  A shadow (D:9)
  3 wraiths
  A wyvern (D:9)
  An unseen horror simulacrum (D:9)
  16 yaks
  A vampire mosquito (D:8)
  Grum (D:8)
  A steam dragon (D:8)
  Menkaure (D:7)
  2 acid dragons
  A water moccasin (D:8)
  7 orc warriors
  An ice beast (D:7)
  4 black bears
  A hornet zombie (Ossuary)
  A centaur (D:8)
  An ogre (D:5)
  3 wolves
  4 lemures (D:5)
  4 bullfrogs
  A wyvern zombie (Ossuary)
  3 necrophages
  A kobold brigand (D:9)
  A gnoll sergeant (D:7)
  9 wights
  4 water moccasin zombies (Ossuary)
  2 killer bees
  4 howler monkeys
  9 bullfrog zombies (Ossuary)
  3 centaur zombies (Ossuary)
  3 gnoll boudas
  2 jellies (D:6)
  10 orc priests
  4 hounds
  2 iguanas
  10 orc wizards
  3 killer bee zombies (Ossuary)
  9 mummies (Ossuary)
  4 howler monkey zombies (Ossuary)
  17 gnolls
  3 adders
  2 white imps
  5 dart slugs
  39 orcs
  4 ball pythons
  4 bats (D:1)
  7 endoplasms
  2 giant cockroaches
  4 goblins
  4 hobgoblins
  9 kobolds
  8 quokkas
  4 frilled lizards
  A goblin zombie (D:6)
  5 rats
  A rat zombie (D:6)
281 creatures vanquished.

Vanquished Creatures (others)
  28 plants
  5 withered plants (Ossuary)
33 creatures vanquished.

Grand Total: 314 creatures vanquished

Notes
Turn   | Place    | Note
-------+----------+-------------------------------------------
     0 | D:1      | MacCMillion the Troll Fighter began the quest for the Orb.
     0 | D:1      | Reached XP level 1. HP: 22/22 MP: 0/0
   101 | D:1      | Reached XP level 2. HP: 29/29 MP: 1/1
   806 | D:2      | Reached XP level 3. HP: 29/36 MP: 2/2
  1659 | D:3      | Reached XP level 4. HP: 19/45 MP: 3/3
  1690 | D:3      | Reached skill level 3 in Unarmed Combat
  1723 | D:3      | Found an ancient bone altar of Kikubaaqudgha.
  1857 | D:3      | Found a snail-covered altar of Cheibriados.
  2084 | D:3      | Found a faded altar of an unknown god.
  2441 | D:3      | Reached XP level 5. HP: 48/53 MP: 4/4
  2733 | D:3      | Reached skill level 4 in Unarmed Combat
  2733 | D:3      | Reached XP level 6. HP: 26/60 MP: 5/5
  3778 | D:5      | Entered Level 5 of the Dungeon
  3784 | D:5      | Reached XP level 7. HP: 70/70 MP: 6/6
  3921 | D:5      | Noticed Pikel
  3938 | D:5      | Killed Pikel
  3939 | D:5      | Reached skill level 5 in Fighting
  3939 | D:5      | Reached skill level 5 in Shields
  3939 | D:5      | Reached skill level 5 in Unarmed Combat
  3939 | D:5      | Reached XP level 8. HP: 59/80 MP: 7/7
  3999 | D:5      | Found a staircase to the Ecumenical Temple.
  4014 | Temple   | Entered the Ecumenical Temple
  4252 | Temple   | Became a worshipper of the Wu Jian Council
  4348 | D:5      | Found a shimmering altar of Xom.
  4410 | D:5      | Reached skill level 6 in Unarmed Combat
  4516 | D:5      | Found Kucydgh's Fire Supplies.
  4985 | D:6      | Found a sand-covered staircase.
  4992 | Ossuary  | Entered an ossuary
  5044 | Ossuary  | Reached * piety under Wu Jian
  5104 | Ossuary  | Reached skill level 7 in Unarmed Combat
  5104 | Ossuary  | Reached XP level 9. HP: 67/89 MP: 8/8
  5411 | Ossuary  | Reached ** piety under Wu Jian
  5733 | D:6      | Reached skill level 8 in Unarmed Combat
  6070 | D:7      | Found a burning altar of Makhleb.
  6072 | D:7      | Noticed Maggie
  6083 | D:7      | Killed Maggie
  6120 | D:7      | Paralysed by a hornet for 2 turns
  6417 | D:7      | Paralysed by a hornet for 3 turns
  6429 | D:7      | Reached XP level 10. HP: 32/102 MP: 9/9
  6515 | D:7      | Noticed Menkaure
  6711 | D:7      | Noticed Joseph
  7130 | D:7      | Killed Menkaure
  7207 | D:7      | Found a white marble altar of Elyvilon.
  7215 | D:7      | Found a bloodstained altar of Trog.
  7222 | D:7      | Found a shadowy altar of Dithmenos.
  7229 | D:7      | Found a broken altar of Ashenzari.
  7237 | D:7      | Found a sacrificial altar of Ru.
  7244 | D:7      | Found an iron altar of Okawaru.
  7250 | D:7      | Found a stormy altar of Qazlal.
  7577 | D:8      | Noticed Grum
  7891 | D:8      | Found Mycis's Distillery.
  7981 | D:8      | Reached *** piety under Wu Jian
  8041 | D:8      | Reached skill level 9 in Unarmed Combat
  8236 | D:8      | Killed Grum
  9105 | D:9      | Reached **** piety under Wu Jian
  9138 | D:9      | Got the Vademecum on Gusts and Glamour
  9177 | D:9      | Noticed a deep elf pyromancer
  9177 | D:9      | Noticed a brown ugly thing
  9177 | D:9      | Noticed a cyclops
  9195 | D:9      | Killed a brown ugly thing
  9196 | D:9      | Reached skill level 10 in Unarmed Combat
  9238 | D:9      | Reached XP level 11. HP: 108/113 MP: 10/10
  9374 | D:9      | Killed a deep elf pyromancer
  9759 | D:9      | Found a staircase to the Lair.
  9802 | D:9      | Reached skill level 10 in Shields
  9994 | D:10     | Entered Level 10 of the Dungeon
 10073 | D:10     | Noticed a two-headed ogre
 10094 | D:10     | Killed a two-headed ogre
 10095 | D:10     | Reached skill level 1 in Throwing
 10312 | D:10     | Noticed Harold
 10528 | D:10     | Reached skill level 11 in Unarmed Combat
 10570 | D:10     | Found a staircase to the Orcish Mines.
 10621 | D:9      | HP: 2/115 [troll (10)]
 11250 | Lair:1   | Entered Level 1 of the Lair of Beasts
 11251 | Lair:1   | Noticed Gastronok
 11255 | Lair:1   | Noticed a seven-headed hydra
 11443 | D:9      | Killed a nine-headed hydra
 11528 | D:9      | Killed Gastronok
 11529 | D:9      | Reached XP level 12. HP: 126/126 MP: 11/11
 11645 | Lair:1   | Noticed a four-headed hydra
 11920 | D:9      | Slain by a ten-headed hydra

Illustrated notes

Levels and vault maps discovered:
D:1:      dpeg_arrival_line_fractal, layout_basic
D:2:      layout_basic, mrwooster_statue_mirror
D:3:      layout_basic, nicolae_kikubaaqudgha_miasma_corner,
          mainiacjoe_overflow_concentric_impassable,
          shapermc_ecumenical_altar_ellora, minmay_misc_feat_doors
D:4:      layout_basic, minmay_misc_feat_more_columns
D:5:      layout_basic, amcnicky_altar_gilded, minmay_temple_entry_large_hall,
          serial_bayou_ford_a, nicolae_shop_fire_sale [nicolae_sub_dead_trees],
          uniq_pikel
D:6:      layout_rooms, enter_ossuary_4, moated_statue
D:7:      layout_gridville, grunt_temple_overflow_octagram,
          mainiacjoe_overflow_small_starburst, nicolae_fountain_basement,
          uniq_maggie, uniq_joseph, uniq_menkaure
D:8:      layout_cave_pods, serial_shops, shop_coins, serial_bayou_crossing,
          uniq_grum
D:9:      layout_loops_ring, david_lair_shrubbed, minivault_28
D:10:     layout_roguey, david_orc_3, minmay_misc_feat_columns,
          minmay_fractal_squares_5, uniq_harold
Temple:   minmay_temple_curvy_loop
Lair:1:   layout_misc_corridors, grunt_megastairs_3, uniq_nergalle,
          uniq_gastronok

Skill      XL: |  1  2  3  4  5  6  7  8  9 10 11 |
---------------+----------------------------------+-----
Shields        | 3 4 5 6 8 9 10 | 10.8
Fighting       | 3 4 5 6 7 8 9 |  9.9
Unarmed Combat | 3 4 5 7 8 10 11 | 11.4
Throwing       | 3 |  3.6
Dodging        | |  2.4

Action                   |  1- 3 |  4- 6 |  7- 9 | 10-12 || total
-------------------------+-------+-------+-------+-------++-------
Melee: Unarmed           |   124 |    88 |   361 |   432 ||  1005
Throw: Dart              |     1 |       |     1 |     1 ||     3
       Throwing net      |       |       |     1 |       ||     1
       Large rock        |       |       |       |     1 ||     1
Invok: Lunge             |       |       |    25 |    36 ||    61
       Whirlwind         |       |       |    11 |    46 ||    57
       Serpent's Lash    |       |       |       |     2 ||     2
 Abil: Wall Jump         |       |       |       |     1 ||     1
Evoke: Wand              |       |       |       |     2 ||     2
  Use: Scroll            |       |       |    12 |    19 ||    31
       Potion            |       |       |     5 |     2 ||     7
 Stab: Sleeping          |     1 |       |       |       ||     1
Armor: Robe              |    33 |    14 |    57 |    45 ||   149
       Troll leather arm |       |       |       |    23 ||    23
Dodge: Dodged            |    58 |    37 |   100 |   141 ||   336
Block: Kite shield       |    41 |    29 |   123 |   196 ||   389
